 Dungeon Crawl Stone Soup version 0.32-a0-768-g0f6f1dd4b9 (webtiles) character file.

Game seed: 3633645596220725896

2693 demenzo the Cleaver (level 9, -12/78 HPs)
             Began as a Mountain Dwarf Fighter on Mar 18, 2024.
             Was a Priest of Beogh.
             Killed from afar by Ugbert the orc apostle (22 damage)
             ... with a zap
             ... on level 8 of the Dungeon.
             The game lasted 00:11:55 (6873 turns).

demenzo the Cleaver (Mountain Dwarf Fighter)        Turns: 6873, Time: 00:11:55

Health: -12/78     AC: 20    Str: 19    XL:     9   Next: 38%
Magic:  13/13      EV:  4    Int: 13    God:    Beogh [***...]
Gold:   449        SH:  9    Dex:  9    Spells: 8/8 levels left

rFire   + . .        a - +0 war axe
rCold   . . .        p - +0 kite shield
rNeg    . . .        s - +2 plate armour {rF+}
rPois   +            D - +0 helmet
rElec   .            v - scarf {+Inv}
rCorr   .            i - +1 pair of gloves of Understanding {Will+ Regen+}
SInv    .            E - +0 pair of boots
Will    ++...        y - amulet of the acrobat Stlth
                     h - ring of poison resistance
HPRegen 1.13/turn    C - ring of willpower
MPRegen 0.13/turn

%: acrobat
@: mighty
A: runic magic, artefact enchanting
a: Renounce Religion, Evoke Invisibility, Smiting


You were on level 8 of the Dungeon.
You worshipped Beogh.
Beogh was most pleased with you.
You visited 1 branch of the dungeon, and saw 8 of its levels.

You collected 449 gold pieces.

Inventory:

Hand Weapons
 a - a +0 war axe (weapon)
 B - a +0 sling
Missiles
 c - 5 javelins
 m - 9 poisoned darts (quivered)
 F - 4 darts of dispersal
Armour
 i - the +1 pair of gloves of Understanding (worn) {Will+ Regen+}
   (You acquired it on level 5 of the Dungeon)

   Will+:     It increases your willpower.
   Regen+:    It increases your rate of health regeneration.
 p - a +0 kite shield (worn)
 s - a +2 plate armour of fire resistance (worn)
 v - a scarf of invisibility (worn)
 D - a +0 helmet (worn)
 E - a +0 pair of boots (worn)
Magical Staves
 z - the staff of Awicuk {Will+ Dex+2 Conj}
   (You found it on level 6 of the Dungeon)

   [staff of conjuration]

   Base accuracy: +5 Base damage: 5 Base attack delay: 1.2 This weapon's minimum
   attack delay (0.6) is reached at skill level 12.
   Dex+2:     It affects your dexterity (+2).
   Will+:     It increases your willpower.
   Conj:      It increases the power of your Conjurations spells.
   It falls into the 'Staves' category.
   It is a one-handed weapon.
Jewellery
 h - a ring of poison resistance (left hand)
 k - a ring of ice
 n - a ring of fire
 y - an amulet of the acrobat (around neck)
 C - a ring of willpower (right hand)
 I - a ring of see invisible
Scrolls
 b - a scroll of fear
 f - 3 scrolls of teleportation
 j - a scroll of enchant armour
 t - a scroll of blinking
 H - 2 scrolls of immolation
Potions
 e - 3 potions of lignification
 g - 9 potions of curing
 l - 2 potions of attraction
 o - 6 potions of heal wounds
 q - a potion of enlightenment
 r - a potion of magic {unknown}
 u - 2 potions of degeneration
 w - a potion of ambrosia
 x - 4 potions of resistance
 A - 2 potions of brilliance {unknown}
 G - a potion of cancellation {unknown}


   Skills:
 + Level 6.9 Fighting
 * Level 8.8 Axes
 + Level 6.8 Armour
 + Level 6.7 Shields
 + Level 6.5 Invocations


You had 8 spell levels left.
You didn't know any spells.
Your spell library contained the following spells:

 Spells                   Type           Power      Damage    Failure   Level
 Freeze                   Ice            0%         1d3       83%         1
 Lesser Beckoning         Tloc           0%         N/A       93%         2
 Dazzling Flash           Conj/Hex       0%         N/A       99%         3
 Frozen Ramparts          Ice            0%         1d1       99%         3
 Gell's Gravitas          Tloc           0%         N/A       99%         3
 Hailstorm                Conj/Ice       0%         3d5       99%         3
 Mephitic Cloud           Conj/Alch/Air  0%         N/A       99%         3
 Teleport Other           Tloc           0%         N/A       99%         3
 Ignite Poison            Fire/Alch      0%         N/A       100%        4
 Sticky Flame             Fire/Alch      0%         2d4       100%        4
 Curse of Agony           Necr           0%         N/A       100%        5
 Silence                  Hex/Air        0%         N/A       100%        5
 Ignition                 Fire           0%         3d3       100%        8


Dungeon Overview and Level Annotations

Branches:
Dungeon (8/15)             Temple (0/1) D:6
   Lair: D:8-11

Altars:
Cheibriados
Dithmenos
Gozag
Hepliaklqana
Makhleb
Sif Muna
Trog
Vehumet
Xom
The Shining One

Annotations:
D:7 2 transporters, jejorda2's ghost, novice GnBe


Innate Abilities, Weirdness & Mutations

Your facial features are unmistakably orcish.
Your spellcasting is much less encumbered by armour.
You can use scrolls of enchantment on lesser artefacts.


Message History

The zap hits you but does no damage.
You hit Ugbert.
Ugbert is lightly wounded.
Ugbert gestures at you while chanting. The zap hits you!!
You block Ugbert's attack.
You barely miss Ugbert.
Ugbert is lightly wounded.
Ugbert hits you with the +7 dagger "Isouz".
You slash Ugbert!
Ugbert is moderately wounded.
Ugbert hits you but does no damage.
You closely miss Ugbert.
Ugbert is moderately wounded.
Ugbert gestures at you while chanting. The zap hits you!
Ugbert casts a spell at you. The zap hits you!
You aren't carrying any items that you can evoke.
Aiming: Smiting
Press: ? - help, Dir - move target, f - Ugbert Smite: Ugbert the orc apostle, wielding the +7 dagger "Isouz" {heavy, rPois Str+3 Dex+2} and wearing a +2 robe of positive energy (moderately wounded, fast, empowered by the touch of Beogh) Beogh booms: This is a trial of mortal prowess.
Fight with your own strength!
Okay, then.
Unknown command.
Unknown command.
Unknown command.
You slash Ugbert!
Ugbert is heavily wounded.
Ugbert hits you with the +7 dagger "Isouz"!
You slash Ugbert!
Ugbert is severely wounded.
Ugbert gestures at you while chanting. The zap hits you!!
* * * LOW HITPOINT WARNING * * *
Ugbert barely misses you.
You feel very mighty all of a sudden. Ugbert casts a spell at you.
The zap hits you!!
You die...
Beogh appreciates Ugbert's killing of a heretic priest.

## ############ #.#
#..........# #.#
#.########.##.# ### ##
#.########.#.## #.. ..
#..†..........###.######
##.##
#..#######.###.#@.<.....
...#
..........†.###o########
#..#
#..####............#
#..# #..# #.##.........#
##..# #..#
#.#.....#....# #####...#
#..# # #.............
......... #...
.........$.>#..
#####.#.# ##.##
#.#.#........##.# #.#.#
.# #.#.#........# ##
#.#.#


You could see Ugbert the orc apostle (fast, divinely empowered).

Vanquished Creatures
  A hornet (D:8)
  A wyvern (D:8)
  2 water moccasins (D:6)
  An orc warrior (D:6)
  2 black bears
  An ice beast (D:5)
  3 ogres (D:5)
  A centaur (D:6)
  2 phantoms
  2 bullfrogs
  2 scorpions
  A gnoll sergeant (D:5)
  5 killer bees (D:8)
  2 bombardier beetles
  4 hounds
  3 jellies
  2 orc priests (D:6)
  A sleepcap (D:6)
  2 iguanas (D:5)
  2 orc wizards (D:5)
  7 gnolls (D:5)
  8 adders
  2 shadow imps
  A white imp (D:6)
  2 ufetubi (D:6)
  3 ribbon worms
  8 dart slugs
  10 orcs
  10 ball pythons
  8 endoplasms
  4 giant cockroaches
  8 goblins
  6 hobgoblins
  11 jackals
  6 kobolds
  3 quokkas
  3 bats
  2 frilled lizards (D:1)
  4 rats
146 creatures vanquished.

Vanquished Creatures (others)
  An adder (D:4)
  An orc (D:7)
2 creatures vanquished.

Grand Total: 148 creatures vanquished

Notes
Turn   | Place    | Note
-------+----------+-------------------------------------------
     0 | D:1      | demenzo the Mountain Dwarf Fighter began the quest for the
                  | Orb.
     0 | D:1      | Reached XP level 1. HP: 19/19 MP: 1/1
   110 | D:1      | Reached XP level 2. HP: 26/26 MP: 2/2
   170 | D:1      | Reached skill level 3 in Axes
   170 | D:1      | Reached XP level 3. HP: 33/33 MP: 3/3
   624 | D:2      | You fall into a shaft and drop 2 floors!
   673 | D:4      | Became a worshipper of Beogh the Shepherd
   964 | D:2      | Reached XP level 4. HP: 40/40 MP: 4/4
  1009 | D:2      | Reached skill level 1 in Invocations
  1354 | D:2      | Reached * piety under Beogh
  2048 | D:3      | Found a shimmering altar of Xom.
  2237 | D:3      | Reached XP level 5. HP: 37/46 MP: 6/6
  2264 | D:3      | Found a faded altar of an unknown god.
  2474 | D:4      | Found a snail-covered altar of Cheibriados.
  2697 | D:4      | Noticed a black bear
  2707 | D:4      | Killed a black bear
  2708 | D:4      | Reached skill level 4 in Axes
  2708 | D:4      | Reached XP level 6. HP: 35/53 MP: 6/8
  3079 | D:4      | Found a glowing golden altar of the Shining One.
  3129 | D:5      | Entered Level 5 of the Dungeon
  3156 | D:5      | Identified a scroll of acquirement
  3156 | D:5      | Acquired the +1 pair of gloves of Understanding {Will+
                  | Regen+}
  3423 | D:5      | Found a radiant altar of Vehumet.
  3462 | D:5      | Noticed an ice beast
  3470 | D:5      | Killed an ice beast
  3471 | D:5      | Reached skill level 5 in Fighting
  3471 | D:5      | Reached XP level 7. HP: 59/61 MP: 9/9
  3473 | D:5      | Reached skill level 5 in Armour
  3473 | D:5      | Reached skill level 5 in Shields
  3501 | D:5      | Reached ** piety under Beogh
  3502 | D:5      | Reached skill level 5 in Axes
  3664 | D:5      | Found a hazy altar of Hepliaklqana.
  3799 | D:5      | Identified the +1 leather armour of the Old and Reckless
                  | {rF- rN+ Str+3 Slay+3}
  3874 | D:5      | Reached skill level 6 in Axes
  3874 | D:5      | Reached XP level 8. HP: 17/69 MP: 11/11
  4598 | D:6      | Found a shadowy altar of Dithmenos.
  4598 | D:6      | Found an opulent altar of Gozag.
  4647 | D:6      | Reached skill level 5 in Invocations
  4858 | D:6      | Reached skill level 7 in Axes
  4995 | D:6      | Identified the staff of Awicuk {Will+ Dex+2 Conj}
  5054 | D:6      | Found a staircase to the Ecumenical Temple.
  5636 | D:7      | Reached XP level 9. HP: 64/78 MP: 13/13
  5887 | D:7      | Found a shimmering blue altar of Sif Muna.
  5957 | D:7      | Reached skill level 8 in Axes
  6010 | D:7      | Found a transporter.
  6010 | D:7      | Noticed jejorda2's ghost (novice GnBe)
  6012 | D:7      | Noticed a moth of wrath
  6016 | D:7      | Found a bloodstained altar of Trog.
  6039 | D:7      | Noticed a troll
  6044 | D:7      | Found a transporter.
  6641 | D:8      | Found a burning altar of Makhleb.
  6642 | D:8      | Noticed a green death
  6832 | D:8      | Reached *** piety under Beogh
  6863 | D:8      | Identified the +7 dagger "Isouz" {heavy, rPois Str+3 Dex+2}
  6863 | D:8      | Noticed Ugbert
  6873 | D:8      | Killed from afar by Ugbert the orc apostle

Illustrated notes

Levels and vault maps discovered:
D:1:      minmay_arrival_open_corners, layout_rooms, minivault_5
D:2:      layout_basic, kennysheep_generic_room_14
D:3:      layout_loops_cross, xom_teletrap_fun,
          hellmonk_ecumenical_altar_inner_sanctum
D:4:      layout_rooms, slow_altar_1, mainiacjoe_overflow_six_doors_small,
          reono_crystal_passage
D:5:      layout_layer_cave, general_overflow_altar, lemuel_crystal_altar,
          serial_rivers, chequers_serial_rivers_micro_e,
          chequers_serial_rivers_large_a, chequers_serial_rivers_micro_d,
          chequers_serial_rivers_small_b, chequers_serial_rivers_small_b,
          dk_noncrumbling_4
D:6:      layout_loops_ring, jmf_multi_god_temple, minmay_temple_entry_fiery,
          nicolae_zen_rock_garden
D:7:      layout_basic, hellmonk_sif_muna_bookshelves,
          gammafunk_ghost_wrathful_warriors, grunt_decor_arrowhead
D:8:      layout_loops_ring, makhleb_altar_promises_db

Skill      XL: |  1  2  3  4  5  6  7  8  9 |
---------------+----------------------------+-----
Axes           | 3 4 6 7 8 |  8.8
Fighting       | 4 5 6 |  6.9
Invocations    | 1 2 3 4 5 6 |  6.5
Armour         | 4 5 6 |  6.8
Shields        | 4 5 6 |  6.7

Action                     |  1- 3 |  4- 6 |  7- 9 || total
---------------------------+-------+-------+-------++-------
  Melee: War axe           |   113 |   194 |   329 ||   636
  Throw: Dart              |       |       |     5 ||     5
 Invoke: Convert to Beogh  |     1 |       |       ||     1
         Smiting           |       |       |     1 ||     1
    Use: Scroll            |       |    13 |     7 ||    20
         Potion            |       |       |     1 ||     1
 Armour: Scale mail        |    44 |       |       ||    44
         Chain mail        |    60 |    20 |       ||    80
         Plate armour      |       |   200 |   316 ||   516
  Dodge: Dodged            |    39 |    75 |    90 ||   204
  Block: Buckler           |    25 |    45 |    19 ||    89
         Kite shield       |       |       |   121 ||   121

Table legend: (Time is in decaauts)
 A = Elapsed time spent in this place.
 B = Non-inter-level travel time spent in this place.
 C = Inter-level travel time spent in this place.
 D = Time resting spent in this place.
 E = Time spent auto-exploring this place.
 F = Levels seen in this place.
 G = Mean time per level.
                   A        B        C        D        E       F      G
               +--------+--------+--------+--------+--------+-----+--------+
         Total |   7084 |   6662 |    422 |    221 |   4814 |   8 |  885.5 |
       Dungeon |   7084 |   6662 |    422 |    221 |   4814 |   8 |  885.5 |
               +--------+--------+--------+--------+--------+-----+--------+

Top non-repeatable levels by time:
     D:5: 1491 daAuts
     D:2: 1122 daAuts
     D:6: 1009 daAuts
     D:7: 892 daAuts
     D:4: 836 daAuts
     D:3: 712 daAuts
     D:1: 593 daAuts
     D:8: 427 daAuts
